Cogmind - Beta 16 --- EXPLORER MODE // 2025.11.25 @ 15:35:15 Player: K.K.Y. Result: Core destroyed Performance ------------- Evolutions (0) 0 Regions Visited (3) 600 Robots Destroyed (24) 120 Value Destroyed (881) 881 Prototype IDs (2) 40 Alien Tech Used (0) 0 Bonus (60) 60 TOTAL SCORE: 1701 Bonus ------- Follower Combat Kills 60 Cogmind --------- Core Integrity 0/250 Matter 290/300 Energy 310/310 System Corruption 0% Temperature Cool (0) Movement Core (550) Ox10 Location -10/Subcaves Parts ------- > --- POWER (1+1) ------ Ion Engine (+) Light Nuclear Core > --- PROPULSION (2) --- (None) > --- UTILITY (3) ------ Medium Storage Unit Machine Analyzer Thief Drone Bay (3/3) > --- WEAPON (2) ------- Powered Cannon > --- INVENTORY (10) --- Subdweller Power Source Light Nuclear Core Light Nuclear Core Subdweller Monowheel Humpback Scrap Shield Subdweller Laser Subdweller Machine Gun Peak State ------------ > --- POWER ------------ Ion Engine Light Nuclear Core > --- PROPULSION ------- (None) > --- UTILITY ---------- Medium Storage Unit Machine Analyzer Thief Drone Bay > --- WEAPON ----------- Powered Cannon > --- INVENTORY -------- Subdweller Power Source Light Nuclear Core Light Nuclear Core Subdweller Monowheel Humpback Scrap Shield Subdweller Laser Subdweller Machine Gun [Rating: 31] Favorites ----------- Power Ion Engine Engine Ion Engine Power Core Light Nuclear Core Propulsion Light Treads Treads Light Treads Utility Medium Storage Unit Device Thief Drone Bay Storage Medium Storage Unit Processor Machine Analyzer Weapon Powered Cannon Energy Gun Medium Laser Energy Cannon Powered Cannon Special Weapon Mining Laser Build | -11 -10 -10 -10 ------- Run | Yrd Mat Min Sub Slots Evolved 1 | . 1 . . Power . | . . . . Propulsion . | . . . . Utility 1 | . 1 . . Weapon . | . . . . Parts Attached 15 | 5 . 2 8 Power 3 | 1 . . 2 Engine 2 | 1 . . 1 Core 1 | . . . 1 Reactor . | . . . . Propulsion 2 | 2 . . . Treads 2 | 2 . . . Leg . | . . . . Wheel . | . . . . Hover . | . . . . Flight . | . . . . Utility 4 | 1 . 1 2 Device 2 | . . 1 1 Storage 1 | 1 . . . Processor 1 | . . . 1 Hackware . | . . . . Protection . | . . . . Artifact . | . . . . Weapon 6 | 1 . 1 4 Energy Gun 4 | 1 . 1 2 Energy Cannon 1 | . . . 1 Ballistic Gun . | . . . . Ballistic Cannon . | . . . . Launcher . | . . . . Special Weapon 1 | . . . 1 Impact Weapon . | . . . . Slashing Weapon . | . . . . Piercing Weapon . | . . . . Special Melee Weapon . | . . . . Unidentified Prototypes 2 | . . 1 1 Parts Lost 9 | . . . 9 Power 1 | . . . 1 Propulsion 2 | . . . 2 Utility 1 | . . . 1 Weapon 5 | . . . 5 Highest Loss Streak 6 | . . . 6 To Critical Strikes . | . . . . Average Backups 5 | . . 3 6 Power 2 | . . 1 2 Propulsion . | . . . . Utility 1 | . . . 1 Weapon 1 | . . 1 1 Tool/Special . | . . . . Unused Backups 10 | . 2 . 8 Power 3 | . . . 3 Propulsion 3 | . 2 . 1 Utility 2 | . . . 2 Weapon 2 | . . . 2 Tool/Special . | . . . . Average Slot Usage (%) 62 | . 58 75 60 Engine 8 | . 11 11 6 Core 7 | . . . 10 Treads 9 | . 23 25 2 Device 11 | . . 3 16 Storage 11 | . 12 12 11 Energy Gun 9 | . 11 23 5 Energy Cannon 4 | . . . 5 Peak Build Rating 31 | 5 5 14 31 Average Rating 17 | 2 4 8 22 On Entrance 5 | . 5 2 14 Avg Prop Armor Cover (%) . | . . . . Naked Turns . | . . . . Heaviest Build 33 | 17 17 24 33 Greatest Support 40 | 40 40 40 40 Greatest Overweight (x) 10 | . . . 10 Average Overweight (x) 3 | . . . 6 Largest Inventory Capacity 10 | 10 10 10 10 Average Capacity 9 | 7 10 10 10 Most Carried 10 | 5 5 5 10 Average Carried 5 | 1 . 3 7 Final Capacity 10 | 10 10 10 10 Final Carried 10 | . 5 4 10 Class Distribution -------------------- 100% | Hacker-Mutant Dominant Class ---------------- Hacker-Mutant | -10/Materials Hacker-Mutant | -10/Mines Hacker-Mutant | -10/Subcaves Resources | -11 -10 -10 -10 ----------- Run | Yrd Mat Min Sub Matter Collected 385 | 174 86 50 75 Remotely . | . . . . Salvage Created 987 | . 218 142 627 Parts 60 | . 11 10 39 Haulers Intercepted . | . . . . Recyclers Shooed . | . . . . Parts Field Recycled . | . . . . Retrieved Matter . | . . . . Parts Self-Destructed . | . . . . Prevented . | . . . . Parts Restored . | . . . . Kills | -11 -10 -10 -10 ------- Run | Yrd Mat Min Sub Combat Hostiles Destroyed 22 | . 5 3 14 Guns 14 | . 4 3 7 Cannons 5 | . . . 5 Classes Destroyed 4 | . 3 . 1 Watcher 2 | . 2 . . Swarmer 1 | . 1 . . Grunt 11 | . 4 3 4 Subdweller 10 | . . . 10 Best Kill Streak 6 | . 3 2 6 Combat Bots Only 6 | . 3 2 6 Max Kills in Single Turn 2 | . 1 1 2 Gunslinging 1 | . . . 1 Exploded . | . . . . Melee . | . . . . Uniques/NPCs Destroyed . | . . . . Combat | -11 -10 -10 -10 -------- Run | Yrd Mat Min Sub Hostile Shots Fired 162 | . 26 26 110 Missed 50 | . 10 10 30 Hits 112 | . 16 16 80 Projectile 112 | . 16 16 80 Critical Strikes 5 | . 1 1 3 Damage Taken 1264 | . 142 136 986 Core 250 | . 43 27 180 Absorbed by Shields . | . . . . Ignored by Resistances 758 | . 87 84 587 Core Remaining (%) 100 | 100 . . . Volleys Fired 95 | . 34 13 48 Largest 2 | . 1 2 2 Hottest 165 | . 50 115 165 Shots Fired 109 | . 34 14 61 Gun 85 | . 34 14 37 Cannon 18 | . . . 18 Launcher . | . . . . Special 6 | . . . 6 Kinetic . | . . . . Thermal 106 | . 34 14 58 Explosive . | . . . . Electromagnetic 3 | . . . 3 Robot Hit Streak 34 | . 17 31 34 Robot Miss Streak 2 | . 2 . 1 Penetration Max . | . . . . Secondary Targets 1 | . . . 1 Max Gunslinging Chain 1 | . . . 1 Shots Hit Robots 91 | . 31 14 46 Core Hits 40 | . 11 9 20 Critical Kills 2 | . . . 2 Critical Parts Destroyed . | . . . . Critical Strikes 9 | . 5 . 4 Burn 7 | . 5 . 2 Meltdown 2 | . . . 2 Melee Attacks . | . . . . Impact . | . . . . Slashing . | . . . . Piercing . | . . . . Sneak Attacks . | . . . . Combat Hostiles . | . . . . Follow-up Attacks . | . . . . Damage Inflicted 1691 | . 389 176 1126 Guns 1007 | . 389 176 442 Cannons 636 | . . . 636 Explosions . | . . . . Melee . | . . . . Ramming . | . . . . Kinetic . | . . . . Thermal 1646 | . 389 176 1081 Explosive . | . . . . Electromagnetic 45 | . . . 45 Impact . | . . . . Slashing . | . . . . Piercing . | . . . . Highest Corruption . | . . . . Average Corruption . | . . . . Corruption Purged . | . . . . Corruption Blocked . | . . . . Overload Shots . | . . . . Overflow Damage . | . . . . Projectiles . | . . . . Explosions . | . . . . Melee . | . . . . Knockbacks . | . . . . Impact . | . . . . Kinetic . | . . . . Secondary . | . . . . Self-Inflicted Damage . | . . . . Shots . | . . . . Rammed . | . . . . Targets Rammed . | . . . . Kicked . | . . . . Crushed . | . . . . Highest Temperature 249 | . 154 249 176 Average Temperature 68 | . 56 124 27 Received Heat Transfer 867 | . 144 147 576 Effects 1 | . . 1 . Interference 1 | . . 1 . Siege Activations . | . . . . Martial Activations . | . . . . Shielding Activations . | . . . . Robots Disrupted . | . . . . Combat Hostiles . | . . . . Robots Corrupted . | . . . . Combat Hostiles . | . . . . Parts Fried . | . . . . Impact Corruptions . | . . . . Robots Melted 3 | . 1 . 2 Combat Hostiles 3 | . 1 . 2 Parts Melted 6 | . 4 1 1 Heat Transferred 3245 | . 1517 518 1210 Parts Sabotaged . | . . . . Parts Stolen . | . . . . Parts Stripped . | . . . . Power Chain Reactions . | . . . . Alert | -11 -10 -10 -10 ------- Run | Yrd Mat Min Sub Maximum Alert Level . | . . . . Low Security (%) 100 | 100 100 100 . Level 1 . | . . . . Level 2 . | . . . . Level 3 . | . . . . Level 4 . | . . . . Level 5 . | . . . . High Security . | . . . . Max Security . | . . . . Peak Influence 65 | . 65 50 . Initial . | . . . . Average 6 | . 11 4 . Influence Increases 329 | . 144 85 100 Destroy 0b10 Robot/C 240 | . 100 60 80 Destroy 0b10 Robot/NC 10 | . 10 . . Destroy Leader 64 | . 34 10 20 Lose Combat Pursuer 15 | . . 15 . Influence Decreases 329 | . 144 85 100 Time Decay 299 | . 144 85 70 Lost Part 30 | . . . 30 Squads Dispatched . | . . . . Investigation . | . . . . Extermination . | . . . . Reinforcement . | . . . . Assault . | . . . . Garrison . | . . . . Intercept . | . . . . Searches Triggered . | . . . . Construction Impeded . | . . . . Haulers Reinforced . | . . . . Active Scanning Responses . | . . . . Cargo Convoy Interrupts . | . . . . Stealth | -11 -10 -10 -10 --------- Run | Yrd Mat Min Sub Distress Signals 2 | . 2 . . Communications Jammed . | . . . . Distress Signals . | . . . . Times Spotted 32 | . 11 5 16 Peak Tracking Total 5 | . 4 4 5 Tactical Retreats 2 | . . 1 1 Traps | -11 -10 -10 -10 ------- Run | Yrd Mat Min Sub Traps Triggered 2 | . 2 . . Indirectly . | . . . . Trap Hack Attempts . | . . . . Triggered . | . . . . Disarmed . | . . . . Reprogrammed . | . . . . Reused . | . . . . Traps Extracted . | . . . . Installed . | . . . . Triggered . | . . . . Machines | -11 -10 -10 -10 ---------- Run | Yrd Mat Min Sub Machines Disabled . | . . . . Max in Single Turn . | . . . . Machines Repaired . | . . . . Machines Dismantled . | . . . . Machines Sabotaged . | . . . . Overloaded Fab Kills . | . . . . Hacking | -11 -10 -10 -10 --------- Run | Yrd Mat Min Sub Machines Accessed 2 | . . 1 1 Terminals . | . . . . Fabricators . | . . . . Repair Stations . | . . . . Recycling Units . | . . . . Scanalyzers . | . . . . Garrison Access . | . . . . Total Hacks 5 | . . 1 4 Successful 5 | . . 1 4 Failed . | . . . . Catastrophic . | . . . . Database Lockouts . | . . . . Manual . | . . . . Terminals . | . . . . Fabricators . | . . . . Repair Stations . | . . . . Recycling Units . | . . . . Scanalyzers . | . . . . Garrison Access . | . . . . Terminal Hacks 5 | . . 1 4 Record 4 | . . . 4 Open Door 1 | . . 1 . Fabricator Hacks . | . . . . Repair Station Hacks . | . . . . Recycling Unit Hacks . | . . . . Scanalyzer . | . . . . Garrison Access Hacks . | . . . . Unauthorized Hacks . | . . . . Terminals . | . . . . Fabricators . | . . . . Repair Stations . | . . . . Recycling Units . | . . . . Scanalyzers . | . . . . Garrison Access . | . . . . Data Cores Recovered . | . . . . Used . | . . . . Hacking Detections . | . . . . Full Trace Events . | . . . . Feedback Events . | . . . . Feedback Blocked . | . . . . Robot Schematics Acquired . | . . . . Robots Built . | . . . . Authchips . | . . . . Time . | . . . . Total Robot Build Rating . | . . . . Part Schematics Acquired . | . . . . Parts Built . | . . . . Authchips . | . . . . Time . | . . . . Total Part Build Rating . | . . . . Part Studies Acquired . | . . . . Parts Repaired . | . . . . Time . | . . . . Parts Recycled . | . . . . Recycled Matter . | . . . . Retrieved Matter . | . . . . Retrieved Components . | . . . . Parts Scanalyzed . | . . . . Part Schematics Acquired . | . . . . Parts Damaged . | . . . . Bothacking | -11 -10 -10 -10 ------------ Run | Yrd Mat Min Sub Used RIF Installer . | . . . . Robots Hacked . | . . . . Non-combat . | . . . . Combat . | . . . . Robot Hacks Applied . | . . . . Relay Couplers Released . | . . . . Fabnet Peak Effective % . | . . . . Robots Rewired . | . . . . Allies Hacked . | . . . . Hacks Repelled . | . . . . Allies | -11 -10 -10 -10 -------- Run | Yrd Mat Min Sub Total Allies . | . . . . Largest Group . | . . . . Highest-Rated Group . | . . . . Highest-Rated Ally . | . . . . Total Orders . | . . . . Ally Attacks 21 | . . . 21 Total Damage 126 | . . . 126 Kills 2 | . . . 2 Allies Corrupted . | . . . . Allies Melted . | . . . . Intel | -11 -10 -10 -10 ------- Run | Yrd Mat Min Sub Active Infowar (turns) 3 | . . . 3 Machine Analysis 3 | . . . 3 Robot Analysis Total . | . . . . Derelict Logs Recovered 3 | . . 2 1 Drone Launches 5 | . . . 5 Drone Recoveries 5 | . . . 5 Exploration | -11 -10 -10 -10 ------------- Run | Yrd Mat Min Sub Turns Passed 3913 | 46 507 672 2688 Spaces Moved 1275 | 40 269 353 613 Core 515 | 24 . . 491 Treads 760 | 16 269 353 122 Legs . | . . . . Wheels . | . . . . Hover . | . . . . Flight . | . . . . Fastest Speed 50 | 50 160 160 160 Average Speed 280 | 94 160 160 414 Slowest Speed 550 | 160 160 160 550 Overloaded Moves . | . . . . Propulsion Burnouts . | . . . . Robots Hopped . | . . . . Potential Cave-ins . | . . . . Cave-ins Triggered . | . . . . Exploration Rate (%) 51 | 3 63 89 51 Regions Visited 3 Branch Regions 2 Pre-discovered Areas 2 | . . 1 1 Known Exits Taken 3 | 1 1 1 . Unknown Exits Taken . | . . . . Scrap Searched 7 | . . . 7 Spaces Dug . | . . . . Terrain Destroyed . | . . . . Melee . | . . . . Projectile . | . . . . AOE . | . . . . Terrain Rammed . | . . . . Walls Destroyed . | . . . . Machines Disabled . | . . . . Actions | -11 -10 -10 -10 --------- Run | Yrd Mat Min Sub Total 1502 | 49 313 446 694 Wait 88 | . . 72 16 Move 1272 | 39 268 352 613 Hop . | . . . . Pick Up 23 | 5 8 4 6 Fast Attach 2 | . . . 2 Attach 17 | 5 1 5 6 Detach . | . . . . Swap 2 | . . . 2 Drop 3 | . 2 . 1 Fire 95 | . 34 13 48 Melee . | . . . . Ram . | . . . . Kick . | . . . . Crush . | . . . . Escape Stasis . | . . . . Rewire . | . . . . Trap . | . . . . Miscellaneous . | . . . . Route ------- -11/Scrapyard -10/Materials (discovered 4 exits: *Mat x3 / *Min) -10/Mines (discovered 2 exits: *Mat / *Sub) -10/Subcaves (discovered 1 exit: *Mat) History --------- Turn | Location | Event 5 | -11/Scrapyard | Identified exit to Materials 5 | -11/Scrapyard | Discovered exit to Materials (range 16) 47 | -11/Scrapyard | Entered Materials 47 | -10/Materials | Evolved 1 slot: Utility x1 208 | -10/Materials | Identified exit to Materials 208 | -10/Materials | Discovered exit to Materials (range 3) 301 | -10/Materials | Build established: Hacker-Mutant 335 | -10/Materials | Discovered exit to Materials (range 4) 465 | -10/Materials | Discovered exit to Materials (range 15) 509 | -10/Materials | Identified exit to Mines 509 | -10/Materials | Discovered exit to Mines (range 13) 554 | -10/Materials | Entered Mines 557 | -10/Mines | Met a Derelict bent on vengeance 848 | -10/Mines | Discovered exit to Materials (range 14) 858 | -10/Mines | Learned 2 Materials zone layouts 1043 | -10/Mines | Found the Drone Emporium 1051 | -10/Mines | Found Prototype Device 1052 | -10/Mines | Identified Thief Drone Bay 1208 | -10/Mines | Identified exit to Subcaves 1208 | -10/Mines | Discovered exit to Subcaves (range 8) 1226 | -10/Mines | Entered Subcaves 1227 | -10/Subcaves | Approached by a straggling Scientist 1243 | -10/Subcaves | A swath of the cavern ceiling suddenly collapsed 1356 | -10/Subcaves | Disturbed a concealed Subdweller 1432 | -10/Subcaves | Learned location of Zion (-6) 1432 | -10/Subcaves | Met a Zionite searching for "candidates" 1515 | -10/Subcaves | Lost 6 parts (1p2n3w) 1626 | -10/Subcaves | A swath of the cavern ceiling suddenly collapsed 2008 | -10/Subcaves | Core integrity fell below 50% 2049 | -10/Subcaves | Shifting Twisted Machinery released Mak. Kinetic Plating 2077 | -10/Subcaves | Shifting Twisted Machinery released Sub. Beam Cannon 2436 | -10/Subcaves | A Subdweller sparked back to life 2436 | -10/Subcaves | A Subdweller sparked back to life 2436 | -10/Subcaves | A Subdweller sparked back to life 2447 | -10/Subcaves | Core integrity fell below 20% 2478 | -10/Subcaves | Found Prototype Energy Cannon 2478 | -10/Subcaves | Identified Powered Cannon 2479 | -10/Subcaves | Attached Powered Cannon, gained temporary slot: Power 2558 | -10/Subcaves | Shifting Twisted Machinery released Mak. System Shield 3118 | -10/Subcaves | Identified exit to Materials 3118 | -10/Subcaves | Discovered exit to Materials (range 11) 3836 | -10/Subcaves | Visited Clippyterm 3852 | -10/Subcaves | Learned Factory emergency access door positions 3852 | -10/Subcaves | Learned 40 Factory zone layouts 3914 | -10/Subcaves | Core destroyed Last Messages --------------- It looks like you want to prove yourself as a member of the Cartography Club, why not cheat using advanced predictive AI techniques? Data stored: Factory zone layouts (x40). >>Record "Clippyterm" Welcome to Clippyterm v0.53, my misguided attempt to resurrect an ancient AI. I give up. There must be something fundamentally wrong with the algorithm, because no matter how much data I collect to feed it, half the time it still manages to suggest unhelpful sample queries and responses. --DD-NU8 03898_ Subatomizers dissect the Tech Extrapolator. 03898_ LD-LW5(R) destroyed. 03910_ Subatomizers dissect the Tech Extrapolator. 03911_ Acquired Machine Analyzer. 03914_ Tech Extrapolator violently self-destructs. Map ----- +----------------------------------------------------+ | ???????????????##" # #????????????????? | | ???????????????# "" #?????????????????? | | ???????????????## "" #?????????????????? | | ????????????????###"### #?????????????????? | | ??????????????????###?## #?????????????????? | | ??????????????????????##" #?????????????????? | | ??????????????????????# " #?????????????????? | | ??????????????????????# " #?????????????????? | | ??????????????????????# " #?????????????????? | | ?????????????????????## #?????????????????? | | ?????????????????????# #?????????????????? | | ?????????????????????# ##?????????????????? | | ?????????????????###?# #??????????????????? | | ???????????????### #### ##?????????????????? | | ??????????????## ### ##????????????????? | | ??????????????# ## ######???????????? | | ???????????????# ##??????????? | | ?????????####### #??????????? | | ?????????#"""## ### #??????????? | | ?????????#"" ## ##???##??????????? | | ?????????#"X ###??????????????? | | ?????????#"" ## #??????????????? | | ?????????#"""### ##??????????????? | | ?????????###### ## #####???????????????? | | ??????????????# ## % ###???????????????????? | | ??????????????######@!#?????????????????????? | | ???????????????????#!%#?????????????????????? | | ???????????????????# * #????????????????????? | | ??????????????????? ???????????????????? | | ??????????????????? # #??????????????????? | | ??????????????????? # ##??????????????????? | | ??????????????????? ? ##???????????????????? | | ?????????????????? ? #????????????????????? | | ??????????????????##? #????????????????????? | | ????????????????????? #????????????????????? | | ????????????????????? #????????????????????? | | ????????????????????? #????????????????????? | | ?????????????????????? #????????????????????? | | ?????????????????????? #????????????????????? | | ?????????????????????? ????????????????????? | | ?????????????????????? ?????????????????????? | | ????????????????????????????????????????????? | | ????????????????????????????????????????????? | | ????????????????????????????????????????????? | | ????????????????????????????????????????????? | | ????????????????????????????????????????????? | | ????????????????????????????????????????????? | | ????????????????????????????????????????????? | | ????????????????????????????????????????????? | | ????????????????????????????????????????????? | +----------------------------------------------------+ Best States ------------- Heat Dissipation 39 Energy Generation 19 Energy Capacity 310 Matter Stores 300 Matter Capacity 300 Sight Range 16 Terrain Scan Density 10 Resistance: KI 35 Resistance: TH 35 Resistance: EX 35 Resistance: EM 35 Resistance: I 35 Resistance: S 35 Resistance: P 35 Evasion (%) 50 Recoil Reduction 2 Offensive Hacking 20 Item Schematics ----------------- None Robot Schematics ------------------ None Fabricated ------------ Nothing Repaired ---------- Nothing Studied --------- None Alien Tech Used ----------------- None Achievements -------------- None Challenges ------------ None Game ------ Seed CentriumControlModule Manual? 0 Play Time 00:12:03 Cumulative 143.6 hours Start 2025.11.25 @ 15:24:59 End 2025.11.25 @ 15:35:15 Sessions 1 Manual Loads 0 Difficulty Explorer Special Mode None Game No. 170 Rogue 0 Adventurer 0 Explorer 170 Win Type - Total 0 Types 0/0/0/0/0/0/0/0/0/0 Lore% 69 Gallery% 66 Achievement% 52 Wizard Run 0 Options --------- Layout 1 ASCII 0 Keyboard 0 Movement Mouse Keybinds 0 Fullscreen 1 Font 24/Smallcaps Map View 50x35 Zoom Use 0% Tactical HUD 1 Map Filters NONE Filters NONE Steam 1 RUN: ae7fec5b-b896-4af9-aba8-f604faae70b9